Map: Ulrena

Players

AcerBly (Bly) - Winner!

  • Race: Zerg Zerg
  • League: Master

hydra

  • Race: Zerg Zerg
  • League: Platinum

Event: DreamHack ZOWIE Open Leipzig

VOD

Have the link to the VOD?

Description

Time

  • Played on: Jan. 23, 2016, 12:25 p.m.
  • Length: 4:09

All games in this series

Show
View Real Time Build Order
Export as new Build Order

AcerBly Zerg - Winner!

Build Orders: 14 gas / 14 pool, Pool First, Zergling Baneling 

Get SALT Encoding   

  12  0:01  Drone  
  13  0:09  Drone  
  14  0:14  Extractor  
  13  0:29  Spawning Pool  
  13  0:33  Drone  
  13  0:36  Drone  
  14  0:45  Drone, Extractor  
  15  0:54  Overlord  
  15  1:16  Queen  
  15  1:17  Zergling x4  
  19  1:20  Zergling x2  
  20  1:29  Metabolic Boost  
  20  1:33  Zergling x2  
  21  1:43  Baneling Nest  
  20  1:48  Zergling x2  
  21  1:57  Overlord  
  21  2:05  Zergling x2  
  21  2:15  Zergling x2  
  22  2:27  Baneling x3  
  22  2:30  Zergling x8  
  26  2:40  Baneling  
  26  2:41  Baneling  
  26  2:44  Zergling x2  
  25  2:55  Zergling x2  
  22  3:14  Zergling x2  
  22  3:15  Zergling x4  
  25  3:26  Zergling x2  
  23  3:33  Zergling x2  
  23  3:42  Baneling  
  23  3:43  Baneling x3  
  23  3:45  Zergling x2  
  23  3:48  Baneling  
  24  3:54  Hatchery  
Show
View Real Time Build Order
Export as new Build Order

hydra Zerg 

Build Orders: Pool First, Zergling Baneling 

Get SALT Encoding   

  12  0:00  Drone  
  13  0:12  Overlord  
  13  0:17  Drone  
  14  0:30  Drone x2  
  14  0:34  Drone  
  17  0:44  Spawning Pool  
  17  0:47  Extractor  
  17  0:49  Drone  
  16  0:55  Drone  
  17  1:06  Drone  
  18  1:18  Hatchery  
  17  1:31  Queen  
  19  1:34  Zergling x2  
  19  1:37  Zergling x2  
  21  1:45  Baneling Nest  
  20  1:49  Zergling x2  
  20  1:52  Zergling x2  
  22  2:00  Overlord  
  21  2:17  Queen  
  21  2:20  Zergling x2  
  24  2:28  Baneling x2  
  24  2:30  Queen  
  25  2:40  Baneling x2  
  25  2:42  Zergling x4  
  26  2:48  Zergling x4  
  27  2:54  Zergling x2  
  27  2:57  Zergling x2  
  27  3:01  Zergling x2  
  27  3:07  Zergling x2  
  10  3:41  Baneling  
  10  3:47  Baneling  
  10  3:51  Baneling  

Tags
 
Add a new tag
Caveats
  • Supply blocks, unpowered buildings, or Contaminate may cause inaccurate times.
  • Supply counts are checked every 10 seconds.